 Dungeon Crawl Stone Soup version 0.24-a0-580-g6a6c3f83c1 (webtiles) character file.

Game seed: 12462558730664569090

612 Mithandil the Chopper (level 7, -1/59 HPs)
             Began as a Minotaur Gladiator on Aug 22, 2019.
             Was an Initiate of the Shining One.
             Succumbed to Dowan's poison
             ... on level 4 of the Dungeon.
             The game lasted 00:16:16 (3206 turns).

Mithandil the Chopper (Minotaur Gladiator)          Turns: 3206, Time: 00:16:17

Health: -1/59      AC: 11    Str: 20    XL:     7   Next: 20%
Magic:  6/6        EV:  8    Int:  5    God:    the Shining One [......]
Gold:   276        SH:  5    Dex: 16    Spells: 6/6 levels left

rFire    . . .     SeeInvis .   a - +0 war axe
rCold    . . .     Gourm    .   e - +0 buckler
rNeg     + . .     Faith    .   s - +0 plate armour
rPois    .         Spirit   .   c - +0 hat
rElec    .         Reflect  .   (no cloak)
rCorr    .         Harm     .   (no gloves)
MR       .....                  (no boots)
Stlth    ..........             (no amulet)
HPRegen  0.19/turn              t - +4 ring of dexterity
MPRegen  0.10/turn              r - ring of positive energy

@: lethally poisoned (-1 -> -19), glowing
A: retaliatory headbutt, horns 2
a: Renounce Religion


You were on level 4 of the Dungeon.
You worshipped the Shining One.
The Shining One was noncommittal.
You were not hungry.

You visited 2 branches of the dungeon, and saw 6 of its levels.

You collected 276 gold pieces.

Inventory:

Hand Weapons
 a - a +0 war axe (weapon)
 b - a +0 trident
 o - a +0 long sword
Missiles
 d - 3 throwing nets
 i - 47 stones
 j - 8 javelins (quivered)
 k - 29 sling bullets
 q - 16 poisoned darts
Armour
 c - a +0 hat (worn)
 e - a +0 buckler (worn)
 s - a +0 plate armour (worn)
Jewellery
 p - an uncursed ring of ice
 r - a ring of positive energy (right hand)
 t - a +4 ring of dexterity (left hand)
 v - an uncursed ring of ice
Scrolls
 g - 3 scrolls of teleportation {unknown}
 l - a scroll of magic mapping {unknown}
 m - 4 scrolls of identify {unknown}
 n - 3 scrolls of remove curse {unknown}
 w - a scroll of fear {unknown}
 x - a scroll of random uselessness {unknown}
Comestibles
 f - 3 rations


   Skills:
 + Level 4.1 Fighting
 * Level 6.0 Axes
 + Level 3.3 Throwing
 + Level 3.0 Armour
 + Level 4.4 Dodging
 - Level 4.0 Shields


You had 6 spell levels left.
You didn't know any spells.
Your spell library was empty.

Dungeon Overview and Level Annotations

Branches:
Dungeon (5/15)             Temple (1/1) D:4

Altars:
Ashenzari
Cheibriados
Dithmenos
Fedhas
Hepliaklqana
Kikubaaqudgha
Makhleb
Nemelex Xobeh
Okawaru
Ru
Sif Muna
Trog
Uskayaw
Vehumet
Wu Jian
Xom
Yredelemnul
Zin
The Shining One

Annotations:
D:4 Dowan


Innate Abilities, Weirdness & Mutations

You reflexively headbutt those who attack you in melee.
You have a pair of horns on your head.


Message History

* * * LOW HITPOINT WARNING * * *
You feel very sick.
Dowan points at you and mumbles some strange words.
The stone arrow hits you but does no damage.
Dowan casts a spell at you.
The shard of ice hits you but does no damage.
You closely miss Dowan. Your headbutt misses Dowan.
Dowan is heavily wounded.
* * * LOW HITPOINT WARNING * * *
You feel sick. Dowan barely misses you. You furiously retaliate!
You headbutt Dowan, but do no damage. Dowan hits you but does no damage.
You closely miss Dowan. You headbutt Dowan.
Dowan is heavily wounded.
* * * LOW HITPOINT WARNING * * *
You feel sick.
Dowan points at you and mumbles some strange words.
The stone arrow misses you. Dowan barely misses you.
You closely miss Dowan.
Dowan is heavily wounded.
You die...

########)..#..# #
.......)......# #
#########.###.# #
#.# #.# #.###<#
#.....# #.#####
.#########.#
......e@...######
#####.#)......(...
# #..#.######.
#......# ###....#
#....# #.....
#...#.# ... .


You could see Dowan.

Vanquished Creatures
  Duvessa (D:4)
  2 ogres (D:4)
  A hound (D:4)
  An orc priest (D:4)
  4 orc wizards
  2 worker ants
  3 adders
  3 oozes
  2 dart slugs
  A leopard gecko (D:2)
  9 orcs
  6 bats
  5 giant cockroaches
  8 goblins
  5 hobgoblins
  5 jackals (D:4)
  4 kobolds
  A quokka (D:2)
  2 ball pythons
  6 frilled lizards
  14 rats
85 creatures vanquished.

Vanquished Creatures (others)
  A kobold (D:3)
1 creature vanquished.

Grand Total: 86 creatures vanquished

Notes
Turn   | Place    | Note
-------+----------+-------------------------------------------
     0 | D:1      | Mithandil the Minotaur Gladiator began the quest for the
                  | Orb.
     0 | D:1      | Reached XP level 1. HP: 18/18 MP: 0/0
   272 | D:1      | Reached XP level 2. HP: 24/25 MP: 1/1
   316 | D:1      | Reached skill level 1 in Shields
   373 | D:1      | Reached skill level 4 in Axes
   555 | D:1      | Reached XP level 3. HP: 30/30 MP: 2/2
  1119 | D:2      | Reached skill level 1 in Armour
  1490 | D:3      | Reached XP level 4. HP: 37/37 MP: 3/3
  1615 | D:3      | Found a hide-covered altar of Uskayaw.
  1912 | D:3      | Reached XP level 5. HP: 35/45 MP: 4/4
  2447 | D:4      | Found a staircase to the Ecumenical Temple.
  2451 | Temple   | Entered the Ecumenical Temple
  2461 | Temple   | Became a worshipper of the Shining One
  2606 | D:5      | Entered Level 5 of the Dungeon
  2606 | D:5      | Noticed an ogre
  2651 | D:4      | Killed an ogre
  2651 | D:4      | Reached skill level 5 in Axes
  2651 | D:4      | Reached XP level 6. HP: 36/51 MP: 5/5
  3182 | D:4      | Noticed Dowan
  3182 | D:4      | Noticed Duvessa
  3199 | D:4      | Killed Duvessa
  3199 | D:4      | Reached skill level 6 in Axes
  3199 | D:4      | Reached XP level 7. HP: 28/59 MP: 6/6
  3205 | D:4      | HP: 1/59 [poisoned by Dowan]
  3206 | D:4      | Succumbed to Dowan's poison

Levels and vault maps discovered:
D:1:      minmay_arrival_loop, layout_basic, minmay_stone_trees_small
D:2:      layout_loops_ring
D:3:      layout_basic, eat_drink_and_be_merry_uskayaw, minivault_14,
          lemuel_old_faithful
D:4:      layout_loops_ring, lemuel_coloured_pillars_altar,
          minmay_temple_entry_grid, first_ration, uniq_duvessa
D:5:      layout_loops_cross, serial_shops, nicolae_shop_behind_doors,
          grunt_qazlal_clouds
Temple:   regret_index_temple_mists

Skill      XL: |  1  2  3  4  5  6 |
---------------+-------------------+-----
Shields        | 1 2 3 4 |  4.0
Axes           | 4 5 6 |  6.0
Armour         | 1 2 3 |  3.0
Fighting       | 3 4 |  4.1
Dodging        | 4 |  4.4
Throwing       | 3 |  3.3

Action                   |  1- 3 |  4- 6 |  7- 9 || total
-------------------------+-------+-------+-------++-------
Melee: War axe           |    71 |   120 |     7 ||   198
       Headbutt          |     9 |    20 |     1 ||    30
  Use: Potion            |     1 |     3 |       ||     4
  Eat: Chunk             |     1 |     3 |       ||     4
       Ration            |       |     1 |       ||     1
Armor: Leather armour    |    15 |       |       ||    15
       Plate armour      |     9 |    82 |     5 ||    96
Dodge: Dodged            |    35 |    45 |     3 ||    83
Block: Buckler           |    17 |    32 |     2 ||    51

Table legend:
 A = Non-vault XP
 B = Vault XP
 C = Vault XP percentage of total XP
 D = Non-vault monster count
 E = Vault monster count
 F = Vault count percentage of total count
                 A         B        C        D         E       F
            +---------+---------+-------+---------+---------+-------
      Total |     728 |     147 |  16.8 |      84 |       1 |   1.2
            +---------+---------+-------+---------+---------+-------
        D:1 |      38 |       0 |   0.0 |      19 |       0 |   0.0
        D:2 |      54 |       0 |   0.0 |      21 |       0 |   0.0
        D:3 |     172 |       0 |   0.0 |      24 |       0 |   0.0
        D:4 |     464 |     147 |  24.1 |      20 |       1 |   4.8
            +---------+---------+-------+---------+---------+-------
